 Dungeon Crawl Stone Soup version 0.22-a0-412-g2b68d14 (webtiles) character file.

770 galech the Skirmisher (level 7, -3/60 HPs)
             Began as a Gnoll Wanderer on May 12, 2018.
             Was an Initiate of Okawaru.
             Slain by an iguana (7 damage)
             ... on level 5 of the Dungeon.
             The game lasted 00:08:48 (5669 turns).

galech the Skirmisher (Gnoll Wanderer)              Turns: 5669, Time: 00:08:49

Health: -3/60      AC:  9    Str: 14    XL:     7   Next: 82%
Magic:  11/11      EV:  7    Int: 12    God:    Okawaru [......]
Gold:   275        SH:  0    Dex: 19    Spells: 11/11 levels left

rFire    . . .     SeeInvis .   a - +2 dagger
rCold    . . .     Gourm    .   (no shield)
rNeg     . . .     Faith    .   h - +0 chain mail
rPois    .         Spirit   .   g - +0 hat {MR+}
rElec    .         Reflect  .   (no cloak)
rCorr    .         Harm     .   (no gloves)
MR       +....                  (no boots)
Stlth    +.........             (no amulet)
HPRegen  0.20/turn              s - ring of stealth
MPRegen  0.12/turn              (no ring)

@: no status effects
A: distributed training, fangs 1, strong nose
a: Renounce Religion


You were on level 5 of the Dungeon.
You worshipped Okawaru.
Okawaru was noncommittal.
You were not hungry.

You visited 2 branches of the dungeon, and saw 7 of its levels.

You collected 275 gold pieces.

Inventory:

Hand Weapons
 a - a +2 dagger (weapon)
 j - a +0 vampiric scythe
Armour
 e - a +1 robe
 g - a +0 hat of magic resistance (worn)
 h - a +0 chain mail (worn)
Jewellery
 s - a ring of stealth (left hand)
Wands
 w - a wand of polymorph (11)
Scrolls
 i - 6 scrolls of identify
 n - a scroll of enchant weapon {unknown}
 o - a scroll of enchant armour
 p - 4 scrolls of amnesia {unknown}
 q - a scroll of fog {unknown}
 r - a scroll of remove curse
 t - a scroll of magic mapping {unknown}
Potions
 b - 2 potions of berserk rage
 c - 2 potions of lignification
 d - 3 potions of curing
 k - a potion of invisibility {unknown}
 l - a potion of agility {unknown}
 m - a potion of might {unknown}
 v - 3 potions of ambrosia {unknown}
 x - a potion of haste {unknown}
Comestibles
 f - 11 rations


   Skills:
 + Level 7.1 Fighting
 + Level 2.6 Short Blades
 + Level 2.6 Long Blades
 + Level 2.6 Axes
 + Level 2.6 Maces & Flails
 + Level 2.6 Polearms
 + Level 2.6 Staves
 + Level 2.6 Slings
 + Level 2.6 Bows
 + Level 2.6 Crossbows
 + Level 2.6 Throwing
 + Level 5.3 Armour
 + Level 2.6 Dodging
 + Level 5.0 Stealth
 + Level 3.7 Shields
 + Level 5.3 Unarmed Combat
 + Level 2.6 Spellcasting
 + Level 2.1 Conjurations
 + Level 2.1 Hexes
 + Level 2.1 Charms
 + Level 2.1 Summonings
 + Level 2.1 Necromancy
 + Level 2.1 Translocations
 + Level 2.1 Transmutations
 + Level 2.1 Fire Magic
 + Level 2.1 Ice Magic
 + Level 2.1 Air Magic
 + Level 2.1 Earth Magic
 + Level 2.1 Poison Magic
 + Level 3.0 Invocations
 + Level 2.6 Evocations


You had 11 spell levels left.
You didn't know any spells.
Your spell library was empty.

Dungeon Overview and Level Annotations

Branches:
Dungeon (6/15)             Temple (1/1) D:4

Altars:
Ashenzari
Cheibriados
Elyvilon
Fedhas
Gozag
Hepliaklqana
Nemelex Xobeh
Okawaru
Qazlal
Trog
Uskayaw
Xom
Zin
The Shining One

Annotations:
D:3 2 transporters


Innate Abilities, Weirdness & Mutations

Your experience applies equally to all skills.
You have very sharp teeth.
Your uncanny sense of smell can sniff out nearby items.


Message History

* * * LOW HITPOINT WARNING * * *
You hit the iguana but do no damage. You bite the iguana, but do no damage.
The iguana is severely wounded.
The iguana bites you but does no damage.
You feel better. The iguana bites you.
* * * LOW HITPOINT WARNING * * *
You feel better. The iguana bites you.
* * * LOW HITPOINT WARNING * * *
You barely miss the iguana.
The iguana is severely wounded.
The iguana bites you.
* * * LOW HITPOINT WARNING * * *
Your chain mail prevents you from hitting the iguana.
The iguana is severely wounded.
The iguana bites you!
* * * LOW HITPOINT WARNING * * *
You closely miss the iguana.
The iguana is severely wounded.
The iguana bites you!
You die...

...........#......#.....#
.#......##.#.#....#.#...#
.(......##...#......#...#
##......######...########
#.###### ##..# #.#
###..#### #.########
#.......# #....<...#
#....##.#
#........###..l@...#
#.............^...##
#.....^...........#
#.................#
#########.........#
##.........# #..........#
#......##### #>.....#


You could see an iguana.

Vanquished Creatures
  Sigmund (D:2)
  The ghost of wazuzu the Slasher, an amateur HuCK of Xom (D:4)
  A phantom (D:4)
  2 orc priests (D:3)
  A bullfrog skeleton (D:4)
  An iguana (D:4)
  3 worker ants
  An orc wizard (D:3)
  A worker ant zombie (D:5)
  7 adders
  An adder skeleton (D:4)
  2 worms (D:3)
  8 leopard geckos
  5 orcs (D:3)
  3 ball pythons
  3 bats
  4 giant cockroaches
  5 hobgoblins
  19 jackals
  10 kobolds
  5 frilled lizards
  8 goblins
  A quokka skeleton (D:5)
  6 rats
99 creatures vanquished.

Notes
Turn   | Place    | Note
-------+----------+-------------------------------------------
     0 | D:1      | galech the Gnoll Wanderer began the quest for the Orb.
     0 | D:1      | galech set off with: a +2 dagger, a potion of berserk rage, a potion of lignification, a potion of curing, a +0 robe, a ration
     0 | D:1      | Reached XP level 1. HP: 23/23 MP: 1/1
   256 | D:1      | Reached XP level 2. HP: 29/29 MP: 2/2
   833 | D:2      | Noticed Sigmund
   853 | D:2      | Killed Sigmund
   853 | D:2      | Reached skill level 1 in Short Blades
   853 | D:2      | Reached skill level 1 in Long Blades
   853 | D:2      | Reached skill level 1 in Axes
   853 | D:2      | Reached skill level 1 in Maces & Flails
   853 | D:2      | Reached skill level 1 in Polearms
   853 | D:2      | Reached skill level 1 in Staves
   853 | D:2      | Reached skill level 1 in Slings
   853 | D:2      | Reached skill level 1 in Bows
   853 | D:2      | Reached skill level 1 in Crossbows
   853 | D:2      | Reached skill level 1 in Throwing
   853 | D:2      | Reached skill level 1 in Dodging
   853 | D:2      | Reached skill level 1 in Spellcasting
   853 | D:2      | Reached skill level 1 in Conjurations
   853 | D:2      | Reached skill level 1 in Hexes
   853 | D:2      | Reached skill level 1 in Charms
   853 | D:2      | Reached skill level 1 in Summonings
   853 | D:2      | Reached skill level 1 in Necromancy
   853 | D:2      | Reached skill level 1 in Translocations
   853 | D:2      | Reached skill level 1 in Transmutations
   853 | D:2      | Reached skill level 1 in Fire Magic
   853 | D:2      | Reached skill level 1 in Ice Magic
   853 | D:2      | Reached skill level 1 in Air Magic
   853 | D:2      | Reached skill level 1 in Earth Magic
   853 | D:2      | Reached skill level 1 in Poison Magic
   853 | D:2      | Reached skill level 1 in Invocations
   853 | D:2      | Reached skill level 1 in Evocations
   853 | D:2      | Reached XP level 3. HP: 4/35 MP: 2/5
   853 | D:2      | Reached XP level 4. HP: 5/41 MP: 2/6
   853 | D:2      | Reached XP level 5. HP: 6/47 MP: 2/7
  2301 | D:3      | Reached XP level 6. HP: 52/53 MP: 8/8
  2343 | D:3      | Reached skill level 5 in Armour
  2343 | D:3      | Reached skill level 5 in Unarmed Combat
  2494 | D:3      | Found a transporter.
  3168 | D:3      | Found a transporter.
  3335 | D:3      | Found a faded altar of an unknown god.
  3384 | D:4      | Noticed a phantom
  3476 | D:4      | Killed a phantom
  3476 | D:4      | Reached XP level 7. HP: 13/59 MP: 10/10
  3904 | D:4      | Found a staircase to the Ecumenical Temple.
  3926 | D:4      | Reached skill level 7 in Fighting
  3935 | Temple   | Entered the Ecumenical Temple
  3995 | Temple   | Became a worshipper of Warmaster Okawaru
  4247 | D:4      | Found a shattered altar of Ashenzari.
  4247 | D:4      | Found a sparkling altar of Nemelex Xobeh.
  4254 | D:4      | Found a white marble altar of Elyvilon.
  4266 | D:4      | Found a hazy altar of Hepliaklqana.
  4266 | D:4      | Found an opulent altar of Gozag.
  4269 | D:4      | Found a glowing silver altar of Zin.
  4270 | D:4      | Found a stormy altar of Qazlal.
  4273 | D:4      | Found a bloodstained altar of Trog.
  4399 | D:4      | Noticed wazuzu's ghost (amateur HuCK)
  4454 | D:4      | Killed wazuzu's ghost
  4665 | D:5      | Entered Level 5 of the Dungeon
  4716 | D:4      | Reached skill level 5 in Stealth
  5668 | D:5      | HP: 3/60 [iguana (9)]
  5669 | D:5      | Slain by an iguana

Vault maps used:
D:1:      minmay_arrival_three_doors
D:2:      uniq_sigmund
D:3:      gammafunk_steamed_eel, chequers_ecumenical_altar_simple_redux,
          hex_medium
D:4:      minitemple, minmay_temple_entry_overgrown, minmay_cut_off
D:5:      first_ration
D:6:      uniq_blork_the_orc
Temple:   dpeg_chambers_temple

Skill      XL: |  1  2  3  4  5  6  7 |
---------------+----------------------+-----
Short Blades   | 1 2 |  2.6
Long Blades    | 1 2 |  2.6
Axes           | 1 2 |  2.6
Maces & Flails | 1 2 |  2.6
Polearms       | 1 2 |  2.6
Staves         | 1 2 |  2.6
Slings         | 1 2 |  2.6
Bows           | 1 2 |  2.6
Crossbows      | 1 2 |  2.6
Throwing       | 1 2 |  2.6
Dodging        | 1 2 |  2.6
Shields        | 3 |  3.7
Spellcasting   | 1 2 |  2.6
Conjurations   | 1 2 |  2.1
Hexes          | 1 2 |  2.1
Charms         | 1 2 |  2.1
Summonings     | 1 2 |  2.1
Necromancy     | 1 2 |  2.1
Translocations | 1 2 |  2.1
Transmutations | 1 2 |  2.1
Fire Magic     | 1 2 |  2.1
Ice Magic      | 1 2 |  2.1
Air Magic      | 1 2 |  2.1
Earth Magic    | 1 2 |  2.1
Poison Magic   | 1 2 |  2.1
Invocations    | 1 2 3 |  3.0
Evocations     | 1 2 |  2.6
Armour         | 5 |  5.3
Unarmed Combat | 5 |  5.3
Fighting       | 7 |  7.1
Stealth        | 5 |  5.0

Action                   |  1- 3 |  4- 6 |  7- 9 || total
-------------------------+-------+-------+-------++-------
Melee: Dagger            |    49 |   333 |   275 ||   657
       Bite              |     5 |    44 |    50 ||    99
       Punch             |       |     4 |     4 ||     8
  Use: Scroll            |       |     3 |       ||     3
       Potion            |       |       |     3 ||     3
 Stab: Sleeping          |     8 |     1 |       ||     9
  Eat: Chunk             |       |     5 |     7 ||    12
       Ration            |       |     1 |       ||     1
Armor: Robe              |     3 |     2 |       ||     5
       Chain mail        |       |   205 |   156 ||   361
Dodge: Dodged            |    19 |   140 |    81 ||   240

Table legend:
 A = Spawn XP
 B = Non-spawn XP
 C = Spawn XP percentage of total XP
 D = Spawn monster count
 E = Non-spawn monster count
 F = Spawn count percentage of total count
 G = Total turns spent on level
                    A         B        C        D         E        F      G
               +---------+---------+-------+---------+---------+-------+---------
         Total |       0 |    1100 |   0.0 |       0 |      99 |   0.0 |  5669
               +---------+---------+-------+---------+---------+-------+---------
           D:1 |       0 |      28 |   0.0 |       0 |      19 |   0.0 |  1016
           D:2 |       0 |     281 |   0.0 |       0 |      19 |   0.0 |  1203
           D:3 |       0 |     231 |   0.0 |       0 |      32 |   0.0 |  1163
           D:4 |       0 |     477 |   0.0 |       0 |      16 |   0.0 |  1442
           D:5 |       0 |      83 |   0.0 |       0 |      13 |   0.0 |   759
               +---------+---------+-------+---------+---------+-------+---------
